 Dungeon Crawl Stone Soup version 0.31-a0-1237-gabc64e778c (webtiles) character file.

Game seed: 15189405089010711515

193 Inarius the Trooper (level 5, -3/43 HPs)
             Began as a Mummy Chaos Knight on Dec 15, 2023.
             Was a Plaything of Xom.
             Slain by a gnoll
             ... wielding a +0 flail
              (5 damage)
             ... on level 3 of the Dungeon.
             The game lasted 00:02:50 (2173 turns).

Inarius the Trooper (Mummy Chaos Knight)            Turns: 2173, Time: 00:02:51

Health: -3/43      AC:  3    Str: 17    XL:     5   Next: 43%
Magic:  5/5        EV: 10    Int: 11    God:    Xom [.....*]
Gold:   78         SH:  4    Dex: 12    Spells: 4/4 levels left

rFire   x . .        a - +0 hand axe (chaos)
rCold   + . .        f - +0 buckler
rNeg    + + +        j - +0 troll leather armour {Pargi}
rPois   ∞            (no helmet)
rElec   .            (no cloak)
rCorr   .            (no gloves)
SInv    .            (no boots)
Will    .....        (no amulet)
Stlth   +            (no ring)
HPRegen 1.07/turn    (no ring)
MPRegen 0.09/turn

%: faith
@: no status effects
A: cold resistance 1, negative energy resistance 3, torment resistance 2, heat
vulnerability 1, in touch with death 1, no potions, faith
a: Renounce Religion


You were on level 3 of the Dungeon.
You worshipped Xom.
You were Xom's teddy bear.
You visited 1 branch of the dungeon, and saw 3 of its levels.

You collected 78 gold pieces.

Inventory:

Hand Weapons
 a - a +0 hand axe of chaos (weapon)
Missiles
 e - 2 boomerangs
Armour
 b - a +2 leather armour
 f - a +0 buckler (worn)
 j - a +0 troll leather armour (worn) {Pargi}
Scrolls
 c - a scroll of butterflies
 d - 2 scrolls of teleportation {unknown}
 g - 3 scrolls of identify {unknown}
 h - a scroll of revelation {unknown}
 i - a scroll of immolation {unknown}


   Skills:
 * Level 4.5 Fighting
 + Level 3.7 Axes
 + Level 2.3 Armour
 - Level 0.7 Dodging
 + Level 0.3 Shields


You had 4 spell levels left.
You didn't know any spells.
Your spell library was empty.

Dungeon Overview and Level Annotations

Branches:
Dungeon (3/15)

Altars:


Innate Abilities, Weirdness & Mutations

You are immune to poison.
Your flesh is cold resistant. (rC+)
You are immune to negative energy. (rN+++)
You are immune to unholy pain and torment.
You are vulnerable to heat. (rF-)
You are in touch with the powers of death.
You do not drink.
You have a special connection with the divine. (Faith)


Message History

The gnoll hits you with a +0 club.
You hit the gnoll but do no damage.
The gnoll seems to grow stronger.
Xom thinks this is hilarious!
The gnoll hits you with a +0 club. You block the gnoll's attack.
You hit the gnoll but do no damage. The gnoll hits you with a +0 club.
You closely miss the gnoll. The gnoll closely misses you.
You barely miss the gnoll. You block the gnoll's attack.
You hit the gnoll. You burn the gnoll.
The gnoll is heavily wounded.
The gnoll barely misses you.
You barely miss the gnoll.
The gnoll is heavily wounded.
The gnoll hits you with a +0 club.
You closely miss the gnoll.
The gnoll is heavily wounded.
The gnoll hits you with a +0 club! x2
You hit the gnoll but do no damage.
The gnoll is heavily wounded.
The gnoll hits you with a +0 club!
You barely miss the gnoll.
The gnoll is heavily wounded.
The gnoll closely misses you.
You hit the gnoll. Lightning courses through the gnoll!!
You kill the gnoll!
You barely miss the gnoll. The gnoll hits you with a +0 flail.
You completely miss the gnoll. The gnoll hits you with a +0 flail.
You barely miss the gnoll. The gnoll hits you with a +0 flail!
* * * LOW HITPOINT WARNING * * *
The gnoll hits you with a +0 flail.
* * * LOW HITPOINT WARNING * * *
You hit the gnoll but do no damage.
The gnoll becomes as fragile as glass.
The gnoll barely misses you. The gnoll attacks as it pursues you!
The gnoll hits you with a +0 flail.
* * * LOW HITPOINT WARNING * * *
Press: ? - help, v - describe, . - travel
Here: a gnoll, wielding a +0 flail (fragile as glass)
The floor.
Unknown command.
You closely miss the gnoll. The gnoll hits you with a +0 flail.
You die...

#####)#### #.# ### #.#
#........# ##.###.######.#
#.###.##.###!..#.#.......#
#.##.##.....#.########
#.##.###...##.##
#....####.##...##
###.#.###.#.###.#
#.###......# #.#
.#####.#.###@#.###.#
........## #g##...##
######### #g###### #)# #
#.# . #.# ..# # #.# ..# #
#.. #..# # #.# ....


You could see 2 gnolls.

Vanquished Creatures
  4 gnolls
  An adder (D:3)
  A worm (D:3)
  A dart slug (D:1)
  4 orcs (D:3)
  An orc (shapeshifter) (D:1)
  4 bats
  2 endoplasms
  A goblin (D:3)
  6 hobgoblins
  A quokka (D:3)
  4 frilled lizards
  A kobold (D:1)
  3 rats
34 creatures vanquished.

Vanquished Creatures (collateral kills)
  Pargi (D:3)
  2 orcs (D:3)
  A hobgoblin (D:3)
4 creatures vanquished.

Grand Total: 38 creatures vanquished

Notes
Turn   | Place    | Note
-------+----------+-------------------------------------------
     0 | D:1      | Inarius the Mummy Chaos Knight began the quest for the Orb.
     0 | D:1      | Reached XP level 1. HP: 18/18 MP: 1/1
   157 | D:1      | XOM: butterfly on damage
   159 | D:1      | Reached XP level 2. HP: 17/24 MP: 2/2
   211 | D:1      | XOM: divination: magic mapping
   293 | D:1      | You fall into a shaft and drop 1 floor!
   360 | D:2      | XOM: silly message
   544 | D:1      | XOM: stat loss: -1 Int (10/11)
   669 | D:1      | XOM: summons 2 hostile demons
   670 | D:1      | Noticed a crimson imp
   907 | D:1      | Found a faded altar of an unknown god.
   931 | D:1      | XOM: cloud trail
  1314 | D:2      | Reached XP level 3. HP: 30/30 MP: 3/3
  1350 | D:2      | XOM: stat loss: -1 Dex (10/11)
  1516 | D:2      | XOM: butterfly on damage
  1589 | D:1      | Reached skill level 4 in Fighting
  1591 | D:1      | a gnoll changed into a shapeshifter
  1591 | D:1      | Noticed a shapeshifter (shapeshifter)
  1591 | D:1      | XOM: polymorph gnoll -> shapeshifter
  1591 | D:1      | a shapeshifter changed into an adder
  1593 | D:1      | HP: 1/30 [adder (shapeshifter) (3)]
  1594 | D:1      | XOM: confusion (+ monsters)
  1765 | D:2      | XOM: silly message
  1931 | D:3      | Noticed Pargi
  1931 | D:3      | XOM: 4-stop teleportation journey
  1943 | D:3      | Reached XP level 4. HP: 34/37 MP: 4/4
  1946 | D:3      | Killed Pargi
  1947 | D:3      | Reached XP level 5. HP: 41/43 MP: 5/5
  2046 | D:3      | XOM: smoke on damage
  2172 | D:3      | HP: 1/43 [gnoll/+0 flail (6)]
  2173 | D:3      | Slain by a gnoll

Illustrated notes

Levels and vault maps discovered:
D:1:      lightli_arrival_quake, layout_loops_ring,
          shapermc_ecumenical_altar_pompeii
D:2:      wander_river, layout_basic
D:3:      layout_loops_corners, roderic_lattice_a, uniq_pargi

Skill      XL: |  1  2  3  4 |
---------------+-------------+-----
Fighting       | 4 |  4.5
Axes           | 3 |  3.7
Armour         | 2 |  2.3
Dodging        | |  0.7
Shields        | |  0.3

Action                     |  1- 3 |  4- 6 || total
---------------------------+-------+-------++-------
  Melee: Hand axe          |    84 |    32 ||   116
   Stab: Sleeping          |     2 |       ||     2
 Armour: Leather armour    |    56 |       ||    56
         Troll leather arm |       |    24 ||    24
  Dodge: Dodged            |    39 |    10 ||    49
  Block: Buckler           |    11 |     4 ||    15

Table legend: (Time is in decaauts)
 A = Elapsed time spent in this place.
 B = Non-inter-level travel time spent in this place.
 C = Inter-level travel time spent in this place.
 D = Time resting spent in this place.
 E = Time spent auto-exploring this place.
 F = Levels seen in this place.
 G = Mean time per level.
                   A        B        C        D        E       F      G
               +--------+--------+--------+--------+--------+-----+--------+
         Total |   2214 |   2129 |     85 |    196 |   1474 |   3 |  738.0 |
       Dungeon |   2214 |   2129 |     85 |    196 |   1474 |   3 |  738.0 |
               +--------+--------+--------+--------+--------+-----+--------+

Top non-repeatable levels by time:
     D:2: 943 daAuts
     D:1: 886 daAuts
     D:3: 383 daAuts
